 Dungeon Crawl Stone Soup version 0.28.0-53-g5a82cb258f (webtiles) character file.

Game seed: 3577171348484494983

123 jamesp the Conjurer (level 4, -5/33 HPs)
             Began as a Draconian Conjurer on Aug 1, 2022.
             Killed from afar by Ijyb (13 damage)
             ... with an iceblast
             ... on level 3 of the Dungeon.
             The game lasted 00:10:47 (3329 turns).

jamesp the Conjurer (Draconian Conjurer)            Turns: 3329, Time: 00:10:47

Health: -5/33      AC:  5    Str:  9    XL:     4   Next: 79%
Magic:  8/8        EV: 16    Int: 19    God:
Gold:   71         SH:  0    Dex: 11    Spells: 8/9 levels left

rFire   . . .      SeeInvis .   c - +0 hand axe
rCold   . . .      Faith    .   (no shield)
rNeg    . . .      Spirit   .   (armour unavailable)
rPois   .          Reflect  .   (helmet restricted)
rElec   .          Harm     .   (no cloak)
rCorr   .          Rampage  .   (no gloves)
Will    .....                   (no boots)
Stlth   ++........              (no amulet)
HPRegen 0.11/turn               b - +4 ring of evasion
MPRegen 0.11/turn               (no ring)

@: no status effects
A: AC +5, unfitting armour, cold-blooded
a: no special abilities


You were on level 3 of the Dungeon.
You visited 1 branch of the dungeon, and saw 4 of its levels.

You collected 71 gold pieces.

Inventory:

Hand Weapons
 c - a +0 hand axe (weapon)
 d - a +0 hunting sling
Missiles
 e - 70 stones
 f - 6 boomerangs
 l - 31 arrows
 p - 2 sling bullets
Jewellery
 b - a +4 ring of evasion (left hand)
Scrolls
 g - a scroll of noise {unknown}
 h - 2 scrolls of vulnerability {unknown}
 i - a scroll of fear {unknown}
 k - a scroll of torment {unknown}
 m - 2 scrolls of identify {unknown}
 n - a scroll of enchant armour {unknown}
Potions
 a - 2 potions of mutation {unknown}
 j - a potion of attraction {unknown}
 o - a potion of lignification {unknown}


   Skills:
 + Level 3.0 Dodging
 - Level 1.9 Stealth
 + Level 3.1 Spellcasting
 + Level 4.8 Conjurations


You had 8 spell levels left.
You knew the following spells:

 Your Spells              Type           Power      Damage    Failure   Level
a - Magic Dart            Conj           84%        1d7       1%          1

Your spell library contained the following spells:

 Spells                   Type           Power      Damage    Failure   Level
 Searing Ray              Conj           42%        2d6       3%          2
 Dazzling Flash           Conj/Hex       24%        N/A       17%         3
 Fulminant Prism          Conj/Hex       6%         3d7       50%         4
 Iskenderun's Mystic Bla  Conj/Tloc      12%        2d5       50%         4


Dungeon Overview and Level Annotations

Branches:
Dungeon (4/15)
 Temple: D:4-7

Altars:

Shops:
D:1 [

Annotations:
D:3 Ijyb, Terence
D:4 Robin


Innate Abilities, Weirdness & Mutations

Your plain brown scales are hard. (AC +5)
You cannot fit into any form of body armour.
You are cold-blooded and may be slowed by cold attacks.


Message History

You kill the goblin!
You closely miss the hobgoblin. The hobgoblin closely misses you.
You hit the hobgoblin.
The hobgoblin is heavily wounded.
You hit the goblin but do no damage. The goblin barely misses you.
The hobgoblin barely misses you.
You closely miss the hobgoblin.
The hobgoblin is heavily wounded.
You hit the goblin but do no damage. The goblin closely misses you.
The hobgoblin closely misses you. The goblin hits you with a +0 club.
You hit the hobgoblin. You tail-slap the hobgoblin.
You kill the hobgoblin!
You barely miss the goblin. The goblin closely misses you.
Your Dodging skill increases to level 3!
The goblin closely misses you.
Items here: )) ††.
The goblin unwields a +0 club.
The goblin wields a +0 hunting sling.
The goblin shoots a sling bullet.
The sling bullet barely misses you.
The goblin unwields a +0 hunting sling.
The goblin wields a +0 club.
The goblin misses you.
Items here: )) ††.
The goblin hits you but does no damage.
You closely miss the goblin. You tail-slap the goblin.
You kill the goblin!
There is a stone staircase leading down here.
Items here: ( )) †.
p - 2 sling bullets
Items here: )) ††.
There is a stone staircase leading down here.
Things that are here:
a +0 club; a +0 hunting sling; a goblin corpse Ijyb is nearby!
You start resting.
HP restored.
Ijyb zaps a wand.
The mass of ice explodes!
The iceblast engulfs you!
You hear a shout! x4
Ijyb zaps a wand.
The mass of ice explodes!
The iceblast engulfs you!
* * * LOW HITPOINT WARNING * * *
Ijyb zaps a wand.
The mass of ice explodes!
The iceblast engulfs you!
You die...

...### #... #...##......#
##...## .#...#...........#
....g.##..........#......#
.......# ##.#.##.....#
......g###### #)#.##.....#
..........g.###.>..#.#####
......#####..####..#.###
.#...## ##...........#
##### ###..@......#
#.........# ##........#
#........# #........#
##########


You could see Ijyb.

Vanquished Creatures
  3 gnolls (D:2)
  5 adders
  A worm (D:2)
  An endoplasm (D:1)
  A giant cockroach (D:2)
  8 goblins
  3 hobgoblins
  2 jackals (D:2)
  3 kobolds
  3 quokkas
  5 ball pythons
  4 bats
  5 frilled lizards
  4 rats
48 creatures vanquished.

Notes
Turn   | Place    | Note
-------+----------+-------------------------------------------
     0 | D:1      | jamesp the Draconian Conjurer began the quest for the Orb.
     0 | D:1      | Reached XP level 1. HP: 14/14 MP: 3/3
    29 | D:1      | Found Acseikegh's Antique Armour Shoppe.
   679 | D:1      | Reached XP level 2. HP: 17/20 MP: 1/5
  1539 | D:2      | Reached XP level 3. HP: 24/26 MP: 0/6
  2207 | D:2      | Reached XP level 4. HP: 33/33 MP: 6/8
  2649 | D:3      | Noticed Ijyb
  2919 | D:3      | Noticed Terence
  3233 | D:4      | Noticed Robin
  3329 | D:3      | Killed from afar by Ijyb

Illustrated notes

Levels and vault maps discovered:
D:1:      dpeg_arrival_more_subterranean_lakeside_camping, layout_loops_ring,
          serial_shops, nicolae_diamond_shop, grunt_decor_clamped
D:2:      layout_basic
D:3:      layout_rooms, uniq_terence, uniq_ijyb
D:4:      layout_rooms, nemelex_diamond_rough_becter,
          mainiacjoe_overflow_alcove_4, mainiacjoe_overflow_alcove_2,
          serial_bayou_ford_a, uniq_robin

Skill      XL: |  1  2  3  4 |
---------------+-------------+-----
Dodging        | 2 3 |  3.0
Spellcasting   | 3 |  3.1
Stealth        | |  1.9
Conjurations   | |  4.8

Action                   |  1- 3 |  4- 6 || total
-------------------------+-------+-------++-------
Melee: Hand axe          |    62 |    36 ||    98
       Tailslap          |     9 |     4 ||    13
       Punch             |     1 |       ||     1
 Cast: Magic Dart        |    47 |    24 ||    71
 Stab: Sleeping          |     1 |       ||     1
Armor: Skin              |    12 |    36 ||    48
Dodge: Dodged            |    75 |   113 ||   188
